 Dungeon Crawl Stone Soup version 0.30-a0-170-g85af917532 (webtiles) character file.

Game seed: 6477524317665341743

111773 qw the Severer (level 16, -3/104 HPs)
             Began as a Gargoyle Fighter on Sept 30, 2022.
             Was a High Priest of Okawaru.
             Slain by an orc warrior
             ... wielding a +0 trident
              (10 damage)
             ... on level 2 of the Orcish Mines.
             The game lasted 00:10:26 (24738 turns).

qw the Severer (Gargoyle Fighter)                  Turns: 24738, Time: 00:10:27

Health: -3/104     AC: 46    Str: 28    XL:     16   Next: 58%
Magic:  21/23      EV: 12    Int:  9    God:    Okawaru [*****.]
Gold:   2505       SH: 14    Dex: 15    Spells: 15/15 levels left

rFire   . . .      SeeInvis +    y - +10 broad axe of Tamyziw {flame, rC++ Dex+6 SInv}
rCold   + + .      Faith    .    B - +0 kite shield
rNeg    + . .      Spirit   .    m - +0 plate armour
rPois   inf        Reflect  .    r - +2 hat {Will+}
rElec   +          Harm     .    w - +2 cloak
rCorr   .          Rampage  .    p - +2 pair of gloves
Will    +++..                    u - +1 pair of boots
Stlth   ..........               (no amulet)
HPRegen 0.27/turn                a - +4 ring of protection
MPRegen 0.18/turn                j - ring of Ignis's Delight {Will+ Slay+3}

@: heroic, finesse-ful, flying
A: sickness immunity, AC +12, big wings, negative energy resistance 1,
electricity resistance, torment resistance 1, petrification resistance
a: Renounce Religion, Heroism, Finesse, Duel


You were on level 2 of the Orcish Mines.
You worshipped Okawaru.
Okawaru was extremely pleased with you.
You visited 4 branches of the dungeon, and saw 23 of its levels.

You collected 2930 gold pieces.
You spent 425 gold pieces at shops.


Innate Abilities, Weirdness & Mutations

You are immune to sickness and miasma.
Your stone body is resilient. (AC +12)
You are immune to poison.
Your large and strong wings let you fly.
You resist negative energy. (rN+)
You are resistant to electric shocks. (rElec)
You are resistant to unholy torment.
You are immune to petrification.


   Skills:
 - Level 13.0(18.0) Fighting
 - Level 17.7(22.7) Axes
 - Level 7.0(12.0) Throwing
 - Level 12.0(17.0) Armour
 - Level 5.0(10.0) Dodging
 + Level 11.0(16.0) Shields
 - Level 10.0 Invocations


You had 15 spell levels left.
You didn't know any spells.
Your spell library was empty.

Inventory:

Hand Weapons
 y - the +10 broad axe of Tamyziw (weapon) {flame, rC++ Dex+6 SInv}
   (Okawaru gifted it to you on level 5 of the Lair of Beasts)

   It burns those it strikes, dealing additional fire damage.
   Big, fiery blades are also staple armaments of hydra-hunters.
   Dex:       It affects your dexterity (+6).
   rC:        It greatly protects you from cold.
   SInv:      It lets you see invisible.
Missiles
 c - 2 javelins (quivered)
 e - 10 silver boomerangs
 g - 12 boomerangs
Armour
 k - +0 acid dragon scales
 m - a +0 plate armour (worn)
 p - a +2 pair of gloves (worn)
 r - a +2 hat of willpower (worn)
 u - a +1 pair of boots (worn)
 w - a +2 cloak (worn)
 A - the +0 pair of gloves of the Sun {rC+}
   (Okawaru gifted it to you on level 5 of the Lair of Beasts)

   rC:        It protects you from cold.
 B - a +0 kite shield (worn)
 C - a +1 helmet
Jewellery
 a - a +4 ring of protection (left hand)
 j - the ring of Ignis's Delight (right hand) {Will+ Slay+3}
   (You found it on level 2 of the Dungeon)

   [ring of willpower]

   Slay:      It affects your accuracy & damage with ranged weapons and melee
   (+3).
   Will:      It increases your willpower.
 l - a ring of fire
 s - a ring of fire
 v - a ring of ice
Scrolls
 b - 3 scrolls of enchant weapon
 o - 4 scrolls of identify
Potions
 d - 4 potions of might
 f - 5 potions of lignification
 h - 5 potions of haste
 q - 2 potions of attraction
 t - a potion of magic
 x - 6 potions of curing
 z - 2 potions of mutation

Dungeon Overview and Level Annotations

Branches:
Dungeon (15/15)            Temple (1/1) D:6            Lair (5/5) D:10
  Swamp (0/4) Lair:2       Spider (0/4) Lair:3        Slime (0/5) Lair:4
    Orc (2/2) D:11            Elf (0/3) Orc:2        Vaults (0/5) D:13
 Depths (0/4) D:15

Altars:
Ashenzari
Cheibriados
Dithmenos
Elyvilon
Fedhas
Gozag
Hepliaklqana
Kikubaaqudgha
Makhleb
Nemelex Xobeh
Okawaru
Qazlal
Ru
Sif Muna
Trog
Uskayaw
Vehumet
Wu Jian
Xom
Yredelemnul
Zin
The Shining One
Jiyva

Shops:
D:1 [   D:3 (   D:8 *   D:9 =(   D:14 (   Orc:1 [

Annotations:
D:5 2 runed translucent doors
D:6 1 runed translucent door, qw's ghost, amateur GrFi
Lair:5 3 runed translucent doors, qw's ghost, journeyman GrFi
Orc:1 1 runed translucent door, reasonance's ghost, journeyman GrBe


Message History

The soul eater is heavily wounded.
You hit the rust devil but do no damage.
You slice the orc wizard!! You burn the orc wizard.
You kill the orc wizard!
Okawaru accepts your kill.
You slash the sixfirhy! You burn the sixfirhy. You slash the soul eater!
You burn the soul eater.
The soul eater is severely wounded.
You slash the sixfirhy! You burn the sixfirhy. You slash the rust devil!
The orc priest no longer looks unusually strong.
The orc warrior hits you but does no damage.
The orc priest looks satisfied for a moment.
The orc high priest says, "Oblivion to the unbeliever."
You block the orc warrior's attack.
The orc warlord roars a battlecry!
The orcs go into a battle-frenzy!
An orc warrior comes into view. It is wielding a +0 war axe.
You block the soul eater's attack.
You open the sixfirhy like a pillowcase!!!
You burn the sixfirhy.
You kill the sixfirhy!
The sixfirhy disappears in a puff of smoke!
You slash the orc! You burn the orc.
You kill the orc!
You completely miss the rust devil. You slash the soul eater!
You burn the soul eater!
You kill the soul eater!
The soul eater disappears in a puff of smoke!
Your surroundings suddenly seem different.
An orc warrior and 2 orcs come into view.
Found 2 gold pieces.
Found a staircase to the Elven Halls.
The orc warrior shouts!
The orc shouts! x2; You hear a shout!
Enter note: You slash the orc!
You burn the orc.
You kill the orc!
An ogre comes into view. It is wielding a +0 giant club.
The ogre shouts!
You hear a shout!
An orc sorcerer comes into view. It is wielding a +0 dagger.
The orc warrior hits you with a +0 trident!
You die...

## #.....o..
##.##........
#...#........
##...#........
#.............
#............
..
#.....o.$...O
.#$.
#...@o......
....
##..).......
....
##.........
......
##........
......
#...#...#
#.$..
##...>...
###... ...#...
#..... ..## .#
...... .##
##.#


You could see an orc sorcerer, an orc warrior, an ogre and an orc.

Vanquished Creatures
  Gastronok (D:9)
  Kirke (Lair:3)
  A stone giant (Orc:1)
  4 dire elephants (Lair:5)
  An ettin (Orc:1)
  Snorg (Lair:4)
  Josephine (Orc:1)
  Erolcha (D:12)
  9 centaur warriors
  6 hydras
  10 two-headed ogres
  2 ogre magi
  2 boulder beetles
  A vampire mage (D:15)
  A death knight (D:15)
  11 death yaks
  3 slime creatures
  A titan zombie (D:15)
  Urug (D:12)
  A tengu warrior (D:15)
  2 skeletal warriors (D:15)
  2 spectral death yaks (Lair:5)
  A spectral anaconda (Lair:5)
  An orange crystal statue (D:14)
  An obsidian statue (Lair:5)
  A deep elf archer (D:13)
  A phantasmal warrior (D:15)
  4 orc knights
  An orc sorcerer (Orc:2)
  4 necromancers
  4 deep elf pyromancers
  2 deep elf zephyrmancers (D:13)
  16 ugly things
  A manticore (D:13)
  24 cyclopes
  Maurice (D:12)
  19 elephants
  A black mamba (shapeshifter) (D:14)
  A frost giant skeleton (D:15)
  A torpor snail (Lair:3)
  A spriggan zombie (D:15)
  7 black mambas
  A dire elephant skeleton (Lair:5)
  13 cane toads
  3 freezing wraiths
  3 rime drakes
  A kobold demonologist (D:9)
  A yaktaur (D:15)
  A komodo dragon (shapeshifter) (D:14)
  7 komodo dragons
  An unseen horror (D:11)
  3 trolls
  4 polar bears
  16 blink frogs
  A snapping turtle (shapeshifter) (D:13)
  A centaur simulacrum (D:14)
  37 yaks
  3 shadows (D:11)
  3 vampires
  8 wraiths
  5 wyverns
  A steam dragon (Lair:3)
  2 basilisks
  3 hogs (Lair:3)
  13 vampire mosquitoes
  A death yak simulacrum (Lair:5)
  2 spectral cane toads (Lair:5)
  7 wargs
  A human zombie (D:15)
  An acid dragon (D:8)
  19 water moccasins
  A swamp drake (Lair:2)
  24 orc warriors
  3 black bears
  4 elephant zombies (Lair:5)
  3 ice beasts
  A boggart (D:13)
  11 ogres
  23 centaurs
  14 wolves
  An elephant skeleton (Lair:5)
  A phantom (D:7)
  5 kobold brigands
  16 bullfrogs
  7 scorpions
  4 gnoll sergeants
  2 cane toad simulacra (Lair:5)
  4 wights (D:7)
  12 killer bees
  2 elephant simulacra (Lair:5)
  5 electric eels
  A howler monkey (D:5)
  6 lava snakes
  5 jellies
  20 orc priests
  3 hounds
  Jessica (D:3)
  9 iguanas
  24 orc wizards
  20 gnolls
  2 river rats (D:5)
  11 adders
  A shadow imp (D:5)
  2 white imps
  An ufetubus (D:4)
  6 worms
  2 dart slugs
  78 orcs
  3 bats
  14 endoplasms
  8 giant cockroaches
  8 hobgoblins
  3 quokkas
  7 ball pythons
  6 goblins
  29 kobolds
  3 rats
733 creatures vanquished.

Vanquished Creatures (others)
  A water elemental (D:15)
  A centaur (D:14)
  A lava snake (Lair:2)
  32 fungi
  37 plants
  32 withered plants
104 creatures vanquished.

Grand Total: 837 creatures vanquished

Notes
Turn   | Place    | Note
-------+----------+-------------------------------------------
     0 | D:1      | qw the Gargoyle Fighter began the quest for the Orb.
     0 | D:1      | Reached XP level 1. HP: 14/14 MP: 1/1
     0 | D:1      | 0 ||| qw: Version: 0.2-a-12-gaebbb33
     0 | D:1      | 0 ||| qw: Game counter: 1609
     0 | D:1      | 0 ||| qw: Always use a shield: true
     0 | D:1      | 0 ||| qw: God list: Okawaru
     0 | D:1      | 0 ||| qw: Allow faded altars: false
     0 | D:1      | 0 ||| qw: Do Orc after D:15 true
     0 | D:1      | 0 ||| qw: Do second Lair branch before Depths: true
     0 | D:1      | 0 ||| qw: Lair rune preference: random
     0 | D:1      | 0 ||| qw: Plans: Normal, Zot:1-4, God:TSO, Crypt, Tomb,
                  | Pan, Slime:5, Hells, Abyss, Orb
     0 | D:1      | 0 ||| PLANNING D:1-11
    32 | D:1      | Found Yceaguec's Armour Shop.
    36 | D:1      | 36 ||| Stepping ~*~*~tactically~*~*~ (hiding).
    39 | D:1      | 39 ||| Stepping ~*~*~tactically~*~*~ (hiding).
    46 | D:1      | Reached skill level 2 in Axes
    89 | D:1      | 89 ||| SHOPLISTING +0 cloak (63 gold, have 0).
    89 | D:1      | 89 ||| SHOPLISTING +2 pair of boots (231 gold, have 0).
   117 | D:1      | Reached XP level 2. HP: 13/19 MP: 2/2
   427 | D:1      | Found a faded altar of an unknown god.
   448 | D:1      | 448 ||| DROPPING +0 whip.
   480 | D:1      | Reached skill level 3 in Axes
   782 | D:1      | Reached XP level 3. HP: 23/23 MP: 3/3
   981 | D:1      | 981 ||| Stepping ~*~*~tactically~*~*~ (stealth).
  1216 | D:1      | 1216 ||| UPGRADING to +0 helmet.
  1221 | D:1      | 1221 ||| READING scroll labelled TODACECV SUUPH.
  1222 | D:1      | 1222 ||| READING scroll labelled BIWUOMU KEACZE.
  1223 | D:1      | 1223 ||| READING scroll labelled GOUTYTI JYHAJ.
  1224 | D:1      | 1224 ||| READING scroll labelled UNOAGA YMETRA.
  1225 | D:1      | 1225 ||| READING scroll labelled PIUDDI IDWE.
  1332 | D:2      | 1332 ||| Stepping ~*~*~tactically~*~*~ (stealth).
  1403 | D:2      | Identified the ring of Ignis's Delight {Will+ Slay+3}
  1446 | D:2      | Reached XP level 4. HP: 28/28 MP: 4/4
  1514 | D:2      | 1514 ||| UPGRADING to +4 ring of protection.
  1515 | D:2      | 1515 ||| UPGRADING to ring of Ignis's Delight {Will+
                  | Slay+3}.
  1516 | D:2      | 1516 ||| READING scroll labelled CEM MASITEH.
  1517 | D:2      | 1517 ||| READING scroll labelled PINGUITAKA.
  1518 | D:2      | 1518 ||| DRINKING 2 red potions.
  1559 | D:2      | 1559 ||| STAIRDANCE
  1567 | D:1      | Reached skill level 4 in Axes
  1602 | D:2      | 1602 ||| Stepping ~*~*~tactically~*~*~ (stealth).
  1603 | D:2      | 1603 ||| Stepping ~*~*~tactically~*~*~ (stealth).
  1692 | D:2      | 1692 ||| Stepping ~*~*~tactically~*~*~ (stealth).
  1818 | D:2      | 1818 ||| READING scroll of enchant weapon.
  1818 | D:2      | 1818 ||| ENCHANTING +1 war axe.
  1884 | D:2      | 1884 ||| READING scroll labelled DEKLUM WOURAD.
  2023 | D:3      | Reached XP level 5. HP: 32/32 MP: 5/5
  2172 | D:3      | Found Alonag's Weapon Shoppe.
  2185 | D:3      | Noticed Jessica
  2189 | D:3      | Killed Jessica
  2190 | D:3      | Reached skill level 5 in Axes
  2443 | D:3      | 2443 ||| UPGRADING to +0 pair of gloves.
  2448 | D:3      | 2448 ||| DRINKING 2 viscous orange potions.
  2742 | D:4      | Reached XP level 6. HP: 30/38 MP: 6/6
  2822 | D:4      | 2822 ||| Stepping ~*~*~tactically~*~*~ (stealth).
  2825 | D:4      | 2825 ||| Stepping ~*~*~tactically~*~*~ (hiding).
  2837 | D:4      | Reached skill level 1 in Dodging
  2879 | D:4      | 2879 ||| FLEEEEING.
  2880 | D:4      | 2880 ||| FLEEEEING.
  2881 | D:4      | 2881 ||| FLEEEEING.
  2882 | D:4      | 2882 ||| FLEEEEING.
  2883 | D:4      | 2883 ||| FLEEEEING.
  3039 | D:4      | Found a stormy altar of Qazlal.
  3282 | D:4      | Reached skill level 6 in Axes
  3282 | D:4      | Reached XP level 7. HP: 16/43 MP: 7/7
  3805 | D:4      | 3805 ||| UPGRADING to +0 pair of boots.
  3810 | D:4      | 3810 ||| READING 2 scrolls labelled VITOYWK LEVYFI.
  3813 | D:4      | 3813 ||| READING 2 scrolls of identify.
  3813 | D:4      | 3813 ||| IDENTIFYING ruby potion
  3842 | D:5      | Entered Level 5 of the Dungeon
  3843 | D:5      | 3843 ||| PLANNING SEWER
  4018 | D:5      | 4018 ||| READING scroll of enchant weapon.
  4018 | D:5      | 4018 ||| ENCHANTING +2 war axe.
  4024 | D:5      | Found a runed translucent door.
  4028 | D:5      | Found a runed translucent door.
  4069 | D:5      | 4069 ||| Stepping ~*~*~tactically~*~*~ (stealth).
  4081 | D:5      | Reached skill level 7 in Axes
  4108 | D:5      | 4108 ||| Stepping ~*~*~tactically~*~*~ (hiding).
  4110 | D:5      | 4110 ||| Stepping ~*~*~tactically~*~*~ (hiding).
  4237 | D:5      | Reached skill level 1 in Throwing
  4328 | D:5      | Reached XP level 8. HP: 46/49 MP: 8/8
  4452 | D:5      | 4452 ||| Stepping ~*~*~tactically~*~*~ (stealth).
  4611 | D:5      | 4611 ||| RIP SEWER
  4657 | D:5      | 4657 ||| PLANNING D:1-11
  4667 | D:5      | 4667 ||| Stepping ~*~*~tactically~*~*~ (stealth).
  4668 | D:5      | 4668 ||| Stepping ~*~*~tactically~*~*~ (stealth).
  4795 | D:5      | 4795 ||| UPGRADING to +0 chain mail.
  4805 | D:5      | 4805 ||| DROPPING +0 scale mail.
  4806 | D:5      | 4806 ||| DROPPING ring of flight.
  4807 | D:5      | 4807 ||| DRINKING 3 fizzy ruby potions.
  4808 | D:5      | 4808 ||| READING 3 scrolls of identify.
  4808 | D:5      | 4808 ||| IDENTIFYING sapphire potion
  4809 | D:5      | 4809 ||| READING 2 scrolls of identify.
  4809 | D:5      | 4809 ||| IDENTIFYING fuming puce potion
  4810 | D:5      | 4810 ||| DROPPING 2 potions of flight.
  4811 | D:5      | 4811 ||| DROPPING potion of magic.
  4812 | D:5      | 4812 ||| DROPPING potion of berserk rage.
  4858 | D:6      | 4858 ||| STAIRDANCE
  4981 | D:6      | Found a runed translucent door.
  4986 | D:6      | Noticed qw's ghost (amateur GrFi)
  5119 | D:6      | 5119 ||| Stepping ~*~*~tactically~*~*~ (stealth).
  5121 | D:6      | 5121 ||| Stepping ~*~*~tactically~*~*~ (stealth).
  5181 | D:6      | Reached skill level 8 in Axes
  5181 | D:6      | 5181 ||| Stepping ~*~*~tactically~*~*~ (stealth).
  5279 | D:6      | 5279 ||| Stepping ~*~*~tactically~*~*~ (hiding).
  5300 | D:6      | 5300 ||| DROPPING +2 morningstar of protection.
  5387 | D:6      | Reached skill level 6 in Fighting
  5709 | D:6      | Found a staircase to the Ecumenical Temple.
  5710 | D:6      | 5710 ||| PLANNING TEMPLE
  5710 | D:6      | 5710 ||| UPGRADING to +0 cloak.
  5715 | D:6      | 5715 ||| READING 2 scrolls of identify.
  5715 | D:6      | 5715 ||| IDENTIFYING bubbling white potion
  5721 | Temple   | Entered the Ecumenical Temple
  5729 | Temple   | 5729 ||| PLANNING OKAWARU WORSHIP
  5818 | Temple   | Became a worshipper of Warmaster Okawaru
  5819 | Temple   | 5819 ||| PLANNING D:1-11
  5922 | D:7      | HP: 9/51 [gnoll sergeant/+0 trident (6)]
  5923 | D:7      | 5923 ||| READING 2 scrolls of teleportation.
  5923 | D:7      | HP: 4/51 [gnoll sergeant/+0 trident (6)]
  5924 | D:7      | 5924 ||| DRINKING 2 potions of heal wounds.
  5927 | D:7      | Found the +3 woodcutter's axe {vorpal}
  6011 | D:7      | Reached XP level 9. HP: 55/55 MP: 9/9
  6032 | D:7      | Reached skill level 9 in Axes
  6094 | D:7      | 6094 ||| Stepping ~*~*~tactically~*~*~ (stealth).
  6104 | D:7      | 6104 ||| Stepping ~*~*~tactically~*~*~ (stealth).
  6106 | D:7      | 6106 ||| Stepping ~*~*~tactically~*~*~ (stealth).
  6242 | D:7      | Reached * piety under Okawaru
  6285 | D:7      | Reached skill level 1 in Invocations
  6620 | D:7      | Reached skill level 3 in Invocations
  6622 | D:8      | Found Qymmeode's Lightly-Used Armoury.
  6626 | D:8      | 6626 ||| INVOKING Heroism.
  6648 | D:8      | 6648 ||| INVOKING Heroism.
  6855 | D:8      | Found a sparkling altar of Nemelex Xobeh.
  6857 | D:8      | 6857 ||| SHOPLISTING -3 gold dragon scales (715 gold, have
                  | 344).
  6886 | D:8      | Reached skill level 6 in Armour
  6972 | D:8      | 6972 ||| Stepping ~*~*~tactically~*~*~ (stealth).
  6974 | D:8      | 6974 ||| Stepping ~*~*~tactically~*~*~ (hiding).
  6976 | D:8      | 6976 ||| INVOKING Heroism.
  7024 | D:8      | 7024 ||| INVOKING Heroism.
  7144 | D:8      | 7144 ||| Stepping ~*~*~tactically~*~*~ (hiding).
  7145 | D:8      | 7145 ||| Stepping ~*~*~tactically~*~*~ (hiding).
  7146 | D:8      | 7146 ||| Stepping ~*~*~tactically~*~*~ (hiding).
  7470 | D:8      | 7470 ||| DROPPING ring of positive energy.
  7471 | D:8      | 7471 ||| READING scroll labelled UGOTUPR TEODIU.
  7472 | D:8      | 7472 ||| READING 2 scrolls of identify.
  7472 | D:8      | 7472 ||| IDENTIFYING bubbling clear potion
  7473 | D:8      | 7473 ||| DROPPING potion of degeneration.
  7497 | D:9      | Found Vezexix's Weapon Shoppe.
  7532 | D:9      | Reached XP level 10. HP: 53/63 MP: 13/13
  7532 | D:9      | 7532 ||| FLEEEEING.
  7533 | D:9      | 7533 ||| FLEEEEING.
  7534 | D:9      | 7534 ||| FLEEEEING.
  7535 | D:9      | 7535 ||| FLEEEEING.
  7536 | D:9      | 7536 ||| FLEEEEING.
  7537 | D:9      | 7537 ||| FLEEEEING.
  7538 | D:9      | 7538 ||| FLEEEEING.
  7539 | D:9      | 7539 ||| FLEEEEING.
  7540 | D:9      | 7540 ||| FLEEEEING.
  7541 | D:9      | 7541 ||| FLEEEEING.
  7542 | D:9      | 7542 ||| FLEEEEING.
  7543 | D:9      | 7543 ||| FLEEEEING.
  7544 | D:9      | 7544 ||| FLEEEEING.
  7545 | D:9      | 7545 ||| FLEEEEING.
  7546 | D:9      | 7546 ||| FLEEEEING.
  7549 | D:9      | 7549 ||| FLEEEEING.
  7551 | D:9      | 7551 ||| STAIRDANCE
  7588 | D:9      | Reached ** piety under Okawaru
  7589 | D:9      | Reached skill level 10 in Axes
  7590 | D:9      | 7590 ||| STAIRDANCE
  7634 | D:9      | 7634 ||| Stepping ~*~*~tactically~*~*~ (stealth).
  7641 | D:9      | 7641 ||| SHOPLISTING +6 broad axe of the Doomed Warrior
                  | {holy, rPois rF+ Str+4} (893 gold, have 439).
  7646 | D:9      | Found Vaunif's Jewellery Emporium.
  7756 | D:9      | 7756 ||| INVOKING Heroism.
  7867 | D:9      | Found a snail-covered altar of Cheibriados.
  7886 | D:9      | Noticed Gastronok
  7887 | D:9      | 7887 ||| INVOKING Heroism.
  7896 | D:9      | HP: 6/64 [Gastronok/the air (20)]
  7897 | D:9      | 7897 ||| READING scroll of teleportation.
  7898 | D:9      | 7898 ||| DRINKING 2 potions of heal wounds.
  7902 | D:9      | Killed Gastronok
  7902 | D:9      | Reached *** piety under Okawaru
  7902 | D:9      | Found a white marble altar of Elyvilon.
  7903 | D:9      | Reached skill level 9 in Fighting
  8133 | D:9      | 8133 ||| BUYING ring of fire (425 gold).
  8133 | D:9      | Bought a ring of fire for 425 gold pieces
  8133 | D:9      | 8133 ||| SHOPLISTING ring of protection from cold (425
                  | gold, have 53).
  8133 | D:9      | 8133 ||| SHOPLISTING ring of see invisible (255 gold, have
                  | 53).
  8286 | D:9      | 8286 ||| INVOKING Heroism.
  8592 | D:9      | 8592 ||| UPGRADING to +2 hat of willpower.
  8602 | D:9      | 8602 ||| DROPPING +0 helmet.
  8603 | D:9      | 8603 ||| DRINKING 2 murky dark potions.
  8604 | D:9      | 8604 ||| DRINKING 2 purple potions.
  8605 | D:9      | 8605 ||| DROPPING potion of brilliance.
  8641 | D:10     | Entered Level 10 of the Dungeon
  8641 | D:10     | Noticed a kobold demonologist
  8641 | D:10     | Noticed a cyclops
  8642 | D:10     | 8642 ||| INVOKING Heroism.
  8646 | D:10     | 8646 ||| STAIRDANCE
  8654 | D:9      | Killed a kobold demonologist
  8664 | D:10     | Killed a cyclops
  8664 | D:10     | Reached **** piety under Okawaru
  8664 | D:10     | Received a gift from Okawaru
  8721 | D:10     | Found a staircase to the Lair.
  8738 | D:10     | 8738 ||| INVOKING Heroism.
  8743 | D:10     | Reached XP level 11. HP: 65/72 MP: 11/14
  8760 | D:10     | Reached skill level 11 in Axes
  8860 | D:10     | 8860 ||| Stepping ~*~*~tactically~*~*~ (hiding).
  8862 | D:10     | 8862 ||| INVOKING Heroism.
  9288 | D:10     | 9288 ||| PLANNING LAIR
  9288 | D:10     | 9288 ||| UPGRADING to +0 plate armour.
  9298 | D:10     | 9298 ||| DROPPING +0 chain mail.
  9299 | D:10     | 9299 ||| READING scroll labelled OLUSYADDERGH.
  9300 | D:10     | 9300 ||| READING 3 scrolls of identify.
  9300 | D:10     | 9300 ||| IDENTIFYING bubbling emerald potion
  9301 | D:10     | 9301 ||| DROPPING potion of invisibility.
  9323 | Lair:1   | Entered Level 1 of the Lair of Beasts
  9372 | Lair:1   | Found a shimmering altar of Xom.
  9397 | Lair:1   | 9397 ||| Stepping ~*~*~tactically~*~*~ (stealth).
  9400 | Lair:1   | 9400 ||| INVOKING Heroism.
  9426 | Lair:1   | Reached skill level 6 in Invocations
  9472 | Lair:1   | 9472 ||| INVOKING Heroism.
  9609 | Lair:1   | 9609 ||| Stepping ~*~*~tactically~*~*~ (stealth).
  9611 | Lair:1   | 9611 ||| INVOKING Heroism.
  9617 | Lair:1   | Reached ***** piety under Okawaru
  9647 | Lair:1   | 9647 ||| INVOKING Heroism.
  9794 | Lair:1   | 9794 ||| Stepping ~*~*~tactically~*~*~ (stealth).
  9797 | Lair:1   | 9797 ||| INVOKING Heroism.
  9945 | Lair:1   | 9945 ||| Stepping ~*~*~tactically~*~*~ (stealth).
  9947 | Lair:1   | 9947 ||| Stepping ~*~*~tactically~*~*~ (stealth).
  9954 | Lair:1   | 9954 ||| Stepping ~*~*~tactically~*~*~ (stealth).
  9967 | Lair:1   | 9967 ||| INVOKING Heroism.
 10027 | Lair:1   | 10027 ||| Stepping ~*~*~tactically~*~*~ (stealth).
 10035 | Lair:1   | Identified the +0 mace of Trial by Ordeal {vorpal, rElec}
                  | (Okawaru gifted it to you on level 1 of the Lair of Beasts)
 10035 | Lair:1   | Received a gift from Okawaru
 10123 | Lair:1   | 10123 ||| INVOKING Heroism.
 10132 | Lair:1   | Reached skill level 9 in Invocations
 10132 | Lair:1   | Reached XP level 12. HP: 74/77 MP: 16/18
 10253 | Lair:1   | 10253 ||| READING scroll labelled CADWENN DUARCHO.
 10254 | Lair:1   | 10254 ||| READING 3 scrolls of identify.
 10254 | Lair:1   | 10254 ||| IDENTIFYING lumpy cyan potion
 10255 | Lair:1   | 10255 ||| DROPPING potion of ambrosia.
 10931 | Lair:2   | Reached skill level 12 in Axes
 10931 | Lair:2   | 10931 ||| FLEEEEING.
 10932 | Lair:2   | 10932 ||| FLEEEEING.
 10933 | Lair:2   | 10933 ||| FLEEEEING.
 10934 | Lair:2   | 10934 ||| FLEEEEING.
 10939 | Lair:2   | 10939 ||| STAIRDANCE
 11014 | Lair:1   | 11014 ||| READING scroll labelled GOOGYAJACA.
 11128 | Lair:2   | 11128 ||| FLEEEEING.
 11129 | Lair:2   | 11129 ||| FLEEEEING.
 11130 | Lair:2   | 11130 ||| FLEEEEING.
 11131 | Lair:2   | 11131 ||| FLEEEEING.
 11138 | Lair:2   | 11138 ||| STAIRDANCE
 11261 | Lair:2   | 11261 ||| INVOKING Heroism.
 11262 | Lair:2   | Found a staircase to the Swamp.
 11360 | Lair:2   | 11360 ||| INVOKING Heroism.
 11488 | Lair:2   | 11488 ||| Stepping ~*~*~tactically~*~*~ (stealth).
 11489 | Lair:2   | 11489 ||| Stepping ~*~*~tactically~*~*~ (stealth).
 11495 | Lair:2   | 11495 ||| INVOKING Heroism.
 11499 | Lair:2   | Noticed a five-headed hydra
 11500 | Lair:2   | 11500 ||| INVOKING Finesse.
 11506 | Lair:2   | 11506 ||| SWAPPING to +0 hand axe of flaming.
 11514 | Lair:2   | Killed a one-headed hydra
 11515 | Lair:2   | 11515 ||| SWAPPING to +3 war axe.
 11735 | Lair:2   | 11735 ||| INVOKING Heroism.
 11827 | Lair:3   | 11827 ||| INVOKING Heroism.
 11834 | Lair:3   | Reached skill level 9 in Armour
 11926 | Lair:3   | 11926 ||| Stepping ~*~*~tactically~*~*~ (stealth).
 11936 | Lair:3   | 11936 ||| INVOKING Heroism.
 11950 | Lair:3   | Found a hole to the Spider Nest.
 11968 | Lair:3   | You fall into a shaft and drop 2 floors!
 11968 | Lair:5   | Entered Level 5 of the Lair of Beasts
 11986 | Lair:5   | 11986 ||| INVOKING Heroism.
 11988 | Lair:5   | Identified the +10 broad axe of Tamyziw {flame, rC++ Dex+6
                  | SInv} (Okawaru gifted it to you on level 5 of the Lair of
                  | Beasts)
 11988 | Lair:5   | Received a gift from Okawaru
 11992 | Lair:5   | Reached skill level 6 in Shields
 12198 | Lair:4   | 12198 ||| READING scroll labelled YZUL HUORUAN.
 12199 | Lair:4   | 12199 ||| READING 2 scrolls of identify.
 12199 | Lair:4   | 12199 ||| IDENTIFYING dark potion
 12217 | Lair:3   | Noticed a four-headed hydra
 12217 | Lair:3   | Noticed a death yak
 12218 | Lair:3   | 12218 ||| INVOKING Heroism.
 12219 | Lair:3   | 12219 ||| INVOKING Finesse.
 12233 | Lair:3   | Killed a death yak
 12276 | Lair:3   | 12276 ||| READING scroll of teleportation.
 12277 | Lair:3   | 12277 ||| FLEEEEING.
 12278 | Lair:3   | 12278 ||| FLEEEEING.
 12279 | Lair:3   | 12279 ||| FLEEEEING.
 12280 | Lair:3   | 12280 ||| INVOKING Heroism.
 12281 | Lair:3   | 12281 ||| Stepping ~*~*~tactically~*~*~ (stealth).
 12344 | Lair:3   | 12344 ||| Stepping ~*~*~tactically~*~*~ (stealth).
 12346 | Lair:3   | 12346 ||| Stepping ~*~*~tactically~*~*~ (stealth).
 12350 | Lair:3   | 12350 ||| Stepping ~*~*~tactically~*~*~ (stealth).
 12351 | Lair:3   | 12351 ||| Stepping ~*~*~tactically~*~*~ (stealth).
 12357 | Lair:3   | 12357 ||| INVOKING Heroism.
 12512 | Lair:3   | 12512 ||| Stepping ~*~*~tactically~*~*~ (stealth).
 12523 | Lair:3   | 12523 ||| Stepping ~*~*~tactically~*~*~ (stealth).
 12554 | Lair:3   | 12554 ||| Stepping ~*~*~tactically~*~*~ (stealth).
 12614 | Lair:3   | Noticed Kirke
 12615 | Lair:3   | 12615 ||| INVOKING Heroism.
 12616 | Lair:3   | 12616 ||| INVOKING Finesse.
 12621 | Lair:3   | Reached skill level 13 in Axes
 12636 | Lair:3   | Killed Kirke
 12637 | Lair:3   | Reached skill level 3 in Throwing
 12670 | Lair:3   | 12670 ||| INVOKING Finesse.
 12676 | Lair:3   | 12676 ||| SWAPPING to +0 hand axe of flaming.
 12679 | Lair:3   | Killed a three-headed hydra
 12680 | Lair:3   | Reached XP level 13. HP: 82/82 MP: 14/20
 12680 | Lair:3   | 12680 ||| SWAPPING to +3 war axe.
 12757 | Lair:3   | 12757 ||| Stepping ~*~*~tactically~*~*~ (hiding).
 12761 | Lair:3   | 12761 ||| INVOKING Heroism.
 12820 | Lair:3   | 12820 ||| FLEEEEING.
 12822 | Lair:3   | 12822 ||| INVOKING Heroism.
 12895 | Lair:3   | 12895 ||| INVOKING Heroism.
 13129 | Lair:3   | 13129 ||| INVOKING Heroism.
 13130 | Lair:3   | 13130 ||| INVOKING Finesse.
 13131 | Lair:3   | 13131 ||| SWAPPING to +0 hand axe of flaming.
 13158 | Lair:3   | 13158 ||| SWAPPING to +3 war axe.
 13415 | Lair:4   | 13415 ||| INVOKING Heroism.
 13581 | Lair:4   | Noticed Snorg
 13582 | Lair:4   | 13582 ||| INVOKING Heroism.
 13583 | Lair:4   | 13583 ||| INVOKING Finesse.
 13591 | Lair:4   | Received a gift from Okawaru
 13601 | Lair:4   | Killed Snorg
 13702 | Lair:4   | Found a viscous altar of Jiyva.
 13793 | Lair:4   | Found a staircase to the Slime Pits.
 13878 | Lair:4   | 13878 ||| INVOKING Heroism.
 13889 | Lair:4   | Reached skill level 14 in Axes
 14056 | Lair:5   | 14056 ||| INVOKING Heroism.
 14057 | Lair:5   | 14057 ||| STAIRDANCE
 14074 | Lair:5   | 14074 ||| STAIRDANCE
 14082 | Lair:4   | 14082 ||| INVOKING Heroism.
 14245 | Lair:5   | 14245 ||| INVOKING Heroism.
 14271 | Lair:5   | Received a gift from Okawaru
 14276 | Lair:5   | 14276 ||| FLEEEEING.
 14277 | Lair:5   | 14277 ||| STAIRDANCE
 14430 | Lair:5   | 14430 ||| STAIRDANCE
 14489 | Lair:5   | 14489 ||| INVOKING Heroism.
 14510 | Lair:5   | 14510 ||| READING scroll of enchant armour.
 14510 | Lair:5   | 14510 ||| ENCHANTING +0 pair of gloves.
 14549 | Lair:5   | Found a runed translucent gate.
 14550 | Lair:5   | Found a runed translucent gate.
 14550 | Lair:5   | Found a runed translucent gate.
 14560 | Lair:5   | Noticed qw's ghost (journeyman GrFi)
 14560 | Lair:5   | Noticed qw's ghost (journeyman GrFi)
 14601 | Lair:5   | 14601 ||| SWAPPING to +10 broad axe of Tamyziw {flame, rC++
                  | Dex+6 SInv}.
 14602 | Lair:5   | 14602 ||| DROPPING +0 hand axe of flaming.
 14603 | Lair:5   | 14603 ||| DROPPING +3 war axe.
 14640 | Lair:5   | Identified the +3 long sword "Nukua" {flame, rPois rC++
                  | Str+4 Dex-3}
 14655 | Lair:5   | 14655 ||| Stepping ~*~*~tactically~*~*~ (stealth).
 14656 | Lair:5   | 14656 ||| Stepping ~*~*~tactically~*~*~ (stealth).
 14657 | Lair:5   | 14657 ||| Stepping ~*~*~tactically~*~*~ (stealth).
 14659 | Lair:5   | 14659 ||| Stepping ~*~*~tactically~*~*~ (stealth).
 14661 | Lair:5   | 14661 ||| Stepping ~*~*~tactically~*~*~ (stealth).
 14662 | Lair:5   | 14662 ||| INVOKING Heroism.
 14663 | Lair:5   | 14663 ||| INVOKING Finesse.
 14677 | Lair:5   | Reached skill level 3 in Dodging
 14708 | Lair:5   | 14708 ||| FLEEEEING.
 14713 | Lair:5   | Gained mutation: Your large and strong wings let you fly.
                  | [Gargoyle growth]
 14713 | Lair:5   | Reached XP level 14. HP: 46/90 MP: 16/21
 15155 | Lair:5   | Reached skill level 15 in Axes
 15159 | Lair:5   | 15159 ||| INVOKING Heroism.
 15301 | Lair:5   | Noticed a dire elephant
 15301 | Lair:5   | Noticed a dire elephant
 15301 | Lair:5   | Noticed a dire elephant
 15301 | Lair:5   | Noticed a dire elephant
 15302 | Lair:5   | 15302 ||| Stepping ~*~*~tactically~*~*~ (stealth).
 15303 | Lair:5   | 15303 ||| Stepping ~*~*~tactically~*~*~ (stealth).
 15304 | Lair:5   | 15304 ||| Stepping ~*~*~tactically~*~*~ (stealth).
 15305 | Lair:5   | 15305 ||| INVOKING Heroism.
 15306 | Lair:5   | 15306 ||| Stepping ~*~*~tactically~*~*~ (stealth).
 15307 | Lair:5   | 15307 ||| INVOKING Finesse.
 15319 | Lair:5   | Killed a dire elephant
 15510 | Lair:5   | 15510 ||| INVOKING Heroism.
 15511 | Lair:5   | 15511 ||| Stepping ~*~*~tactically~*~*~ (stealth).
 15513 | Lair:5   | 15513 ||| INVOKING Finesse.
 15514 | Lair:5   | 15514 ||| Stepping ~*~*~tactically~*~*~ (stealth).
 15581 | Lair:5   | 15581 ||| INVOKING Heroism.
 15582 | Lair:5   | 15582 ||| INVOKING Finesse.
 15585 | Lair:5   | 15585 ||| Stepping ~*~*~tactically~*~*~ (hiding).
 15626 | Lair:5   | 15626 ||| Stepping ~*~*~tactically~*~*~ (hiding).
 15649 | Lair:5   | 15649 ||| Stepping ~*~*~tactically~*~*~ (hiding).
 15653 | Lair:5   | 15653 ||| INVOKING Finesse.
 15661 | Lair:5   | 15661 ||| INVOKING Heroism.
 15920 | Lair:5   | 15920 ||| INVOKING Heroism.
 15932 | Lair:5   | Killed a dire elephant
 15936 | Lair:5   | Killed a dire elephant
 15942 | Lair:5   | Killed a dire elephant
 15943 | Lair:5   | Reached skill level 12 in Fighting
 16013 | Lair:5   | Received a gift from Okawaru
 16422 | Lair:5   | 16422 ||| INVOKING Heroism.
 16430 | Lair:5   | 16430 ||| Stepping ~*~*~tactically~*~*~ (hiding).
 16442 | Lair:5   | Identified the +0 pair of gloves of the Sun {rC+} (Okawaru
                  | gifted it to you on level 5 of the Lair of Beasts)
 16442 | Lair:5   | Received a gift from Okawaru
 16498 | Lair:5   | 16498 ||| Stepping ~*~*~tactically~*~*~ (stealth).
 16502 | Lair:5   | 16502 ||| INVOKING Heroism.
 16676 | Lair:5   | 16676 ||| PLANNING D:1-11
 16676 | Lair:5   | 16676 ||| DROPPING scarf of invisibility.
 16677 | Lair:5   | 16677 ||| DROPPING ring of wizardry.
 16809 | D:11     | 16809 ||| Stepping ~*~*~tactically~*~*~ (stealth).
 16811 | D:11     | 16811 ||| INVOKING Heroism.
 16858 | D:11     | 16858 ||| Stepping ~*~*~tactically~*~*~ (hiding).
 16880 | D:11     | 16880 ||| INVOKING Heroism.
 16906 | D:11     | Found a staircase to the Orcish Mines.
 17022 | D:11     | 17022 ||| FLEEEEING.
 17023 | D:11     | 17023 ||| FLEEEEING.
 17247 | D:11     | 17247 ||| Stepping ~*~*~tactically~*~*~ (hiding).
 17249 | D:11     | 17249 ||| Stepping ~*~*~tactically~*~*~ (hiding).
 17253 | D:11     | 17253 ||| Stepping ~*~*~tactically~*~*~ (hiding).
 17271 | D:11     | 17271 ||| Stepping ~*~*~tactically~*~*~ (hiding).
 17273 | D:11     | 17273 ||| Stepping ~*~*~tactically~*~*~ (hiding).
 17289 | D:11     | 17289 ||| Stepping ~*~*~tactically~*~*~ (hiding).
 17291 | D:11     | 17291 ||| Stepping ~*~*~tactically~*~*~ (hiding).
 17293 | D:11     | 17293 ||| INVOKING Heroism.
 17832 | D:11     | 17832 ||| Stepping ~*~*~tactically~*~*~ (stealth).
 17847 | D:11     | 17847 ||| Stepping ~*~*~tactically~*~*~ (hiding).
 17855 | D:11     | 17855 ||| Stepping ~*~*~tactically~*~*~ (hiding).
 17864 | D:11     | 17864 ||| Stepping ~*~*~tactically~*~*~ (hiding).
 17996 | D:11     | 17996 ||| PLANNING D
 17996 | D:11     | 17996 ||| DROPPING amulet of magic regeneration.
 18019 | D:12     | 18019 ||| INVOKING Heroism.
 18021 | D:12     | 18021 ||| Stepping ~*~*~tactically~*~*~ (stealth).
 18024 | D:12     | 18024 ||| Stepping ~*~*~tactically~*~*~ (stealth).
 18029 | D:12     | Reached skill level 16 in Axes
 18053 | D:12     | Noticed Maurice
 18063 | D:12     | Killed Maurice
 18074 | D:12     | Noticed Erolcha
 18075 | D:12     | 18075 ||| INVOKING Heroism.
 18076 | D:12     | 18076 ||| INVOKING Finesse.
 18086 | D:12     | Killed Erolcha
 18550 | D:12     | Noticed Urug
 18551 | D:12     | 18551 ||| INVOKING Heroism.
 18552 | D:12     | 18552 ||| INVOKING Finesse.
 18559 | D:12     | Killed Urug
 18746 | D:12     | 18746 ||| UPGRADING to +2 cloak.
 18756 | D:12     | 18756 ||| DROPPING +0 cloak.
 18805 | D:13     | 18805 ||| INVOKING Heroism.
 18813 | D:13     | Reached XP level 15. HP: 76/96 MP: 20/22
 18939 | D:13     | 18939 ||| Stepping ~*~*~tactically~*~*~ (hiding).
 19161 | D:13     | 19161 ||| INVOKING Heroism.
 19198 | D:13     | Reached skill level 6 in Throwing
 19199 | D:13     | 19199 ||| INVOKING Heroism.
 19514 | D:13     | 19514 ||| READING scroll of enchant armour.
 19514 | D:13     | 19514 ||| ENCHANTING +1 pair of gloves.
 19527 | D:13     | 19527 ||| Stepping ~*~*~tactically~*~*~ (hiding).
 19539 | D:13     | Reached skill level 12 in Armour
 19581 | D:13     | 19581 ||| Stepping ~*~*~tactically~*~*~ (hiding).
 19583 | D:13     | 19583 ||| Stepping ~*~*~tactically~*~*~ (hiding).
 19586 | D:13     | 19586 ||| INVOKING Heroism.
 19614 | D:13     | 19614 ||| Stepping ~*~*~tactically~*~*~ (hiding).
 19615 | D:13     | 19615 ||| Stepping ~*~*~tactically~*~*~ (hiding).
 19616 | D:13     | 19616 ||| FLEEEEING.
 19617 | D:13     | 19617 ||| FLEEEEING.
 19618 | D:13     | 19618 ||| INVOKING Heroism.
 19629 | D:13     | 19629 ||| FLEEEEING.
 19630 | D:13     | 19630 ||| FLEEEEING.
 19631 | D:13     | 19631 ||| FLEEEEING.
 19635 | D:13     | 19635 ||| FLEEEEING.
 19638 | D:13     | 19638 ||| FLEEEEING.
 19639 | D:13     | 19639 ||| FLEEEEING.
 19640 | D:13     | 19640 ||| FLEEEEING.
 19652 | D:13     | 19652 ||| FLEEEEING.
 19653 | D:13     | 19653 ||| FLEEEEING.
 19654 | D:13     | 19654 ||| INVOKING Heroism.
 19658 | D:13     | 19658 ||| FLEEEEING.
 19661 | D:13     | 19661 ||| FLEEEEING.
 19662 | D:13     | 19662 ||| FLEEEEING.
 19674 | D:13     | 19674 ||| FLEEEEING.
 19675 | D:13     | 19675 ||| FLEEEEING.
 19681 | D:13     | 19681 ||| FLEEEEING.
 19682 | D:13     | 19682 ||| FLEEEEING.
 19683 | D:13     | 19683 ||| FLEEEEING.
 19684 | D:13     | 19684 ||| FLEEEEING.
 19687 | D:13     | 19687 ||| FLEEEEING.
 19688 | D:13     | 19688 ||| FLEEEEING.
 19689 | D:13     | 19689 ||| FLEEEEING.
 19690 | D:13     | 19690 ||| FLEEEEING.
 19691 | D:13     | 19691 ||| FLEEEEING.
 19692 | D:13     | 19692 ||| FLEEEEING.
 19693 | D:13     | 19693 ||| FLEEEEING.
 19694 | D:13     | 19694 ||| FLEEEEING.
 19695 | D:13     | 19695 ||| FLEEEEING.
 19696 | D:13     | 19696 ||| FLEEEEING.
 19697 | D:13     | 19697 ||| FLEEEEING.
 19698 | D:13     | 19698 ||| FLEEEEING.
 19699 | D:13     | 19699 ||| FLEEEEING.
 19700 | D:13     | 19700 ||| FLEEEEING.
 19701 | D:13     | 19701 ||| FLEEEEING.
 19702 | D:13     | 19702 ||| FLEEEEING.
 19703 | D:13     | 19703 ||| FLEEEEING.
 19704 | D:13     | 19704 ||| FLEEEEING.
 19705 | D:13     | 19705 ||| FLEEEEING.
 19706 | D:13     | 19706 ||| FLEEEEING.
 19707 | D:13     | 19707 ||| FLEEEEING.
 19708 | D:13     | 19708 ||| FLEEEEING.
 19709 | D:13     | 19709 ||| FLEEEEING.
 19710 | D:13     | 19710 ||| FLEEEEING.
 19717 | D:13     | 19717 ||| FLEEEEING.
 19732 | D:13     | 19732 ||| INVOKING Heroism.
 19974 | D:13     | 19974 ||| Stepping ~*~*~tactically~*~*~ (stealth).
 20011 | D:13     | 20011 ||| Stepping ~*~*~tactically~*~*~ (hiding).
 20012 | D:13     | 20012 ||| Stepping ~*~*~tactically~*~*~ (hiding).
 20139 | D:13     | Found a gate to the Vaults.
 20423 | D:14     | 20423 ||| READING scroll of enchant armour.
 20423 | D:14     | 20423 ||| ENCHANTING +0 pair of boots.
 20484 | D:14     | Found a basalt altar of Yredelemnul.
 20525 | D:14     | 20525 ||| INVOKING Heroism.
 20526 | D:14     | 20526 ||| INVOKING Finesse.
 20562 | D:14     | 20562 ||| INVOKING Heroism.
 20596 | D:14     | HP: 21/96 [centaur warrior (6)]
 20597 | D:14     | 20597 ||| READING scroll of teleportation.
 20598 | D:14     | 20598 ||| DRINKING 3 potions of heal wounds.
 20611 | D:14     | 20611 ||| FLEEEEING.
 20612 | D:14     | 20612 ||| FLEEEEING.
 20613 | D:14     | 20613 ||| FLEEEEING.
 20614 | D:14     | 20614 ||| FLEEEEING.
 20877 | D:14     | Found a shimmering altar of Xom.
 20894 | D:14     | 20894 ||| INVOKING Heroism.
 21135 | D:14     | Found Beidaf's Weapon Emporium.
 21182 | D:14     | 21182 ||| INVOKING Heroism.
 21195 | D:14     | Received a gift from Okawaru
 21238 | D:14     | 21238 ||| DROPPING +2 broad axe of electrocution.
 21338 | D:14     | 21338 ||| READING scroll labelled BAMAT IRPHAUWK.
 21380 | D:15     | Entered Level 15 of the Dungeon
 21381 | D:15     | 21381 ||| INVOKING Heroism.
 21466 | D:15     | 21466 ||| INVOKING Heroism.
 21475 | D:15     | Reached skill level 17 in Axes
 21571 | D:15     | 21571 ||| INVOKING Heroism.
 21772 | D:15     | 21772 ||| Stepping ~*~*~tactically~*~*~ (hiding).
 21777 | D:15     | 21777 ||| INVOKING Heroism.
 21788 | D:15     | Received a gift from Okawaru
 21804 | D:15     | 21804 ||| INVOKING Heroism.
 21806 | D:15     | Reached XP level 16. HP: 104/104 MP: 20/23
 21816 | D:15     | Received a gift from Okawaru
 21823 | D:15     | 21823 ||| Stepping ~*~*~tactically~*~*~ (stealth).
 21855 | D:15     | 21855 ||| Stepping ~*~*~tactically~*~*~ (stealth).
 22007 | D:15     | 22007 ||| Stepping ~*~*~tactically~*~*~ (hiding).
 22009 | D:15     | 22009 ||| Stepping ~*~*~tactically~*~*~ (hiding).
 22010 | D:15     | 22010 ||| Stepping ~*~*~tactically~*~*~ (hiding).
 22016 | D:15     | 22016 ||| INVOKING Heroism.
 22295 | D:15     | 22295 ||| INVOKING Heroism.
 22296 | D:15     | 22296 ||| Stepping ~*~*~tactically~*~*~ (hiding).
 22297 | D:15     | 22297 ||| Stepping ~*~*~tactically~*~*~ (hiding).
 22299 | D:15     | 22299 ||| Stepping ~*~*~tactically~*~*~ (hiding).
 22368 | D:15     | Found a staircase to the Depths.
 22382 | D:15     | 22382 ||| FLEEEEING.
 22704 | D:15     | 22704 ||| PLANNING ORC
 22704 | D:15     | 22704 ||| UPGRADING to +0 kite shield.
 22714 | D:15     | 22714 ||| DROPPING +0 buckler.
 22842 | Orc:1    | Entered Level 1 of the Orcish Mines
 22843 | Orc:1    | 22843 ||| INVOKING Heroism.
 22952 | Orc:1    | Found a runed translucent door.
 22952 | Orc:1    | Found a shimmering altar of Xom.
 22952 | Orc:1    | Noticed reasonance's ghost (journeyman GrBe)
 23046 | Orc:1    | 23046 ||| Stepping ~*~*~tactically~*~*~ (stealth).
 23207 | Orc:1    | 23207 ||| INVOKING Heroism.
 23247 | Orc:1    | 23247 ||| INVOKING Heroism.
 23256 | Orc:1    | Reached skill level 9 in Shields
 23261 | Orc:1    | 23261 ||| Stepping ~*~*~tactically~*~*~ (stealth).
 23263 | Orc:1    | 23263 ||| Stepping ~*~*~tactically~*~*~ (stealth).
 23279 | Orc:1    | 23279 ||| INVOKING Finesse.
 23282 | Orc:1    | 23282 ||| INVOKING Heroism.
 23288 | Orc:1    | Received a gift from Okawaru
 23357 | Orc:1    | 23357 ||| Stepping ~*~*~tactically~*~*~ (hiding).
 23358 | Orc:1    | 23358 ||| Stepping ~*~*~tactically~*~*~ (hiding).
 23435 | Orc:1    | 23435 ||| Stepping ~*~*~tactically~*~*~ (stealth).
 23474 | Orc:1    | 23474 ||| INVOKING Heroism.
 23506 | Orc:1    | Found Laoviw's Antique Armour Shop.
 23514 | Orc:1    | Received a gift from Okawaru
 23514 | Orc:1    | Noticed Josephine
 23515 | Orc:1    | 23515 ||| Stepping ~*~*~tactically~*~*~ (hiding).
 23516 | Orc:1    | 23516 ||| Stepping ~*~*~tactically~*~*~ (hiding).
 23524 | Orc:1    | 23524 ||| INVOKING Heroism.
 23530 | Orc:1    | Killed Josephine
 23572 | Orc:1    | 23572 ||| Stepping ~*~*~tactically~*~*~ (stealth).
 23573 | Orc:1    | 23573 ||| Stepping ~*~*~tactically~*~*~ (stealth).
 23574 | Orc:1    | 23574 ||| Stepping ~*~*~tactically~*~*~ (stealth).
 23584 | Orc:1    | 23584 ||| INVOKING Heroism.
 23718 | Orc:1    | 23718 ||| SHOPLISTING black opal-encrusted ice dragon
                  | scales (2730 gold, have 2325).
 23729 | Orc:1    | 23729 ||| Stepping ~*~*~tactically~*~*~ (stealth).
 23920 | Orc:1    | 23920 ||| INVOKING Heroism.
 24184 | Orc:1    | Identified the +9 dagger "Evamiut" {venom, rC+}
 24192 | Orc:1    | Identified the +10 spear "Wywonudoi" {vamp, rN+++ Str-3
                  | Int-2 Dex+8}
 24219 | Orc:1    | Identified the +0 leather armour of the Eye-covered Yeti
                  | {rElec rPois Dex+4}
 24220 | Orc:1    | Identified the +1 leather armour of Amelioration {MP+9}
 24688 | Orc:2    | Entered Level 2 of the Orcish Mines
 24692 | Orc:2    | 24692 ||| INVOKING Heroism.
 24708 | Orc:2    | 24708 ||| INVOKING Finesse.
 24716 | Orc:2    | HP: 25/104 [orc warrior/+0 trident (4)]
 24717 | Orc:2    | 24717 ||| READING 2 scrolls of teleportation.
 24718 | Orc:2    | 24718 ||| DRINKING 2 potions of heal wounds.
 24721 | Orc:2    | 24721 ||| DRINKING potion of heal wounds.
 24728 | Orc:2    | HP: 14/104 [orc warrior/+3 trident of venom (26)]
 24729 | Orc:2    | 24729 ||| READING scroll of teleportation.
 24729 | Orc:2    | HP: 6/104 [soul eater[an orc sorcerer] (4)]
 24735 | Orc:2    | Found a staircase to the Elven Halls.
 24738 | Orc:2    | Slain by an orc warrior

Levels and vault maps discovered:
D:1:      dpeg_arrival_round_c, layout_basic, serial_shops, shop,
          hellmonk_ecumenical_altar_lost_god
D:2:      layout_basic
D:3:      layout_rooms, serial_shops, nicolae_shop_bloodbath_and_beyond,
          serial_corexii_hall, corexii_hall_statues_l, corexii_hall_statues_s,
          corexii_hall_statues_i, chequers_hall_statues_corner_a,
          corexii_hall_statues_t, chequers_hall_statues_wall_a,
          minmay_misc_feat_x, uniq_jessica
D:4:      layout_basic, mainiacjoe_overflow_brackets,
          hangedman_abyss_or_decor_stagger, kennysheep_generic_room_12
D:5:      lemuel_insect_pit, layout_basic, portal_sewer_entry_a, serial_glass,
          glass_columns_b, glass_columns_a, item_on_display_a,
          minmay_misc_feat_chi
D:6:      layout_loops_ring, minmay_temple_entry_nine_rooms,
          hellmonk_ghost_happy_afterlife
D:7:      layout_rooms
D:8:      layout_cave_pools, nemelex_xobeh_ov_fountains_minmay,
          minmay_shop_damaged, minmay_unpleasant_kobolds
D:9:      layout_roguey, mainiacjoe_overflow_small_starburst,
          lemuel_crystal_altar, serial_shops, nicolae_shop_waterfront,
          shop_statue, uniq_gastronok
D:10:     layout_basic, due_lair_maze_entry_diamond
D:11:     minmay_goldmine, layout_long_grid, erik_orc_4, corexii_corridor_pit
D:12:     layout_irregular_city, serial_bayou, serial_bayou_pond_b,
          serial_bayou_lagoon_b, serial_bayou_shore_b, serial_bayou_lagoon_a,
          fungi_pond_lemuel, uniq_urug, uniq_maurice, uniq_erolcha
D:13:     layout_roguey, hangedman_vaults_entry_quadrant_bands
D:14:     layout_roguey, kennysheep_decorative_pillar, serial_shops,
          nicolae_lakefront_shop, hangedman_feature_mirror, disabler_island
D:15:     gammafunk_depths_entry_grave, layout_long_grid, serial_bayou_pond_b
Temple:   compressed_dpeg_circular_temple
Lair:1:   layout_roguey, basic_altar
Lair:2:   layout_cave_pods, minmay_swamp_entry_reptiles,
          nicolae_lair_liquid_snakes, infiniplex_staircase_pool_2
Lair:3:   layout_roguey, nicolae_spider_entry_non_spiders,
          minmay_shattered_shrine, serial_bayou_shore_b, serial_bayou_shore_b,
          serial_bayou_shore_b, lemuel_fruit_fields, uniq_kirke
Lair:4:   layout_gridlike, nicolae_slime_entry_slimehenge,
          chequers_serial_rivers_micro_c, infiniplex_staircase_pool, uniq_snorg
Lair:5:   due_jungle_book, layout_regular_city, gammafunk_ghost_cemetery,
          lemuel_fruit_fields, grunt_megastairs_5
Orc:1:    giant_chief_lemuel, layout_caves, ebering_ghost_xom, serial_shops,
          nicolae_shop_advertising_works [nicolae_subvault_shop_adworks],
          uniq_josephine
Orc:2:    st_orc_congregation, layout_caves, basic_altar

Skill      XL: |  1  2  3  4  5  6  7  8  9 10 11 12 13 14 15 16 |
---------------+-------------------------------------------------+-----
Axes           | 2 3 4 5 6 7 8 9 10 11 13 14 16 17 | 17.7
Fighting       | 4 5 6 7 9 10 11 12 13 | 13.0
Dodging        | 1 2 3 4 5 |  5.0
Throwing       | 1 2 3 4 7 |  7.0
Armour         | 5 6 8 9 10 11 12 | 12.0
Shields        | 4 5 6 7 8 11 | 11.0
Invocations    | 4 9 10 | 10.0

Action                   |  1- 3 |  4- 6 |  7- 9 | 10-12 | 13-15 | 16-18 || total
-------------------------+-------+-------+-------+-------+-------+-------++-------
Melee: War axe           |    81 |    92 |   258 |   449 |   140 |       ||  1020
       Hand axe          |       |       |       |     9 |    25 |       ||    34
       Broad axe         |       |       |       |       |   636 |   223 ||   859
Throw: Boomerang         |     2 |    52 |    60 |    74 |   140 |    22 ||   350
       Javelin           |       |       |       |       |    25 |    52 ||    77
Invok: Heroism           |       |       |     4 |    24 |    42 |    11 ||    81
       Finesse           |       |       |       |     4 |    10 |     2 ||    16
  Use: Scroll            |     5 |     4 |     9 |     9 |     5 |     2 ||    34
       Potion            |       |     2 |     2 |     3 |     1 |     2 ||    10
Armor: Scale mail        |    35 |    55 |    32 |       |       |       ||   122
       Chain mail        |       |       |   173 |    63 |       |       ||   236
       Plate armour      |       |       |       |   159 |   431 |    81 ||   671
Dodge: Dodged            |    29 |    30 |   117 |   122 |   232 |    75 ||   605
Block: Buckler           |    21 |    20 |    63 |    99 |   225 |    15 ||   443
       Kite shield       |       |       |       |       |       |    75 ||    75

Table legend:
 A = Non-vault XP
 B = Vault XP
 C = Vault XP percentage of total XP
 D = Non-vault monster count
 E = Vault monster count
 F = Vault count percentage of total count
                 A         B        C        D         E       F
            +---------+---------+-------+---------+---------+-------
      Total |   94431 |   65246 |  40.9 |     492 |     242 |  33.0
            +---------+---------+-------+---------+---------+-------
        D:1 |      62 |       0 |   0.0 |      27 |       0 |   0.0
        D:2 |      71 |       0 |   0.0 |      18 |       0 |   0.0
        D:3 |      74 |      37 |  33.3 |      15 |       1 |   6.2
        D:4 |     403 |      38 |   8.6 |      22 |       2 |   8.3
        D:5 |     725 |      45 |   5.8 |      18 |       7 |  28.0
        D:6 |     579 |       0 |   0.0 |      17 |       0 |   0.0
        D:7 |    1793 |       0 |   0.0 |      27 |       0 |   0.0
        D:8 |     702 |      98 |  12.2 |      21 |       6 |  22.2
        D:9 |    1921 |    1513 |  44.1 |      15 |       1 |   6.2
       D:10 |     655 |    1271 |  66.0 |       4 |      10 |  71.4
       D:11 |    4162 |    1002 |  19.4 |      28 |      28 |  50.0
       D:12 |    3158 |    2967 |  48.4 |      14 |       4 |  22.2
       D:13 |   10218 |    6382 |  38.4 |      23 |      19 |  45.2
       D:14 |    9174 |    1092 |  10.6 |      26 |       7 |  21.2
       D:15 |   20712 |    7181 |  25.7 |      50 |      12 |  19.4
     Lair:1 |    8447 |       0 |   0.0 |      35 |       0 |   0.0
     Lair:2 |    4486 |     442 |   9.0 |      18 |       8 |  30.8
     Lair:3 |    3056 |    8530 |  73.6 |      13 |      25 |  65.8
     Lair:4 |    5144 |    1246 |  19.5 |      21 |       8 |  27.6
     Lair:5 |   16416 |   17291 |  51.3 |      40 |      39 |  49.4
      Orc:1 |    2470 |   13435 |  84.5 |      39 |      35 |  47.3
      Orc:2 |       3 |    2676 |  99.9 |       1 |      30 |  96.8
            +---------+---------+-------+---------+---------+-------
